Map: Prion Terraces

Players

Steisjo - Winner!

  • Race: Protoss Protoss
  • League: Gold

Nice

  • Race: Protoss Protoss

Event: DreamHack ZOWIE Open Leipzig

VOD

Have the link to the VOD?

Description

Time

  • Played on: Jan. 22, 2016, 11:13 a.m.
  • Length: 12:57

All games in this series

Show
View Real Time Build Order
Export as new Build Order

Steisjo Protoss - Winner!

Build Orders: 1 Gate Expand 

Get SALT Encoding   

  12  0:01  Probe (Chrono Boost)  
  13  0:11  Probe (Chrono Boost)  
  14  0:17  Pylon  
  14  0:22  Probe (Chrono Boost)  
  15  0:35  Probe (Chrono Boost), Gateway  
  16  0:46  Probe (Chrono Boost)  
  16  0:47  Assimilator  
  17  0:56  Probe (Chrono Boost)  
  18  1:07  Probe (Chrono Boost)  
  19  1:20  Nexus  
  19  1:30  Cybernetics Core  
  20  1:33  Probe (Chrono Boost)  
  20  1:41  Assimilator  
  20  1:43  Probe (Chrono Boost)  
  21  1:54  Probe (Chrono Boost)  
  21  1:57  Pylon  
  22  2:05  Probe (Chrono Boost)  
  22  2:07  Warp Gate (Chrono Boost)  
  25  2:15  Stalker (Chrono Boost)  
  25  2:16  Probe  
  26  2:28  Mothership Core, Pylon  
  28  2:35  Probe  
  29  2:41  Stalker (Chrono Boost)  
  31  2:48  Gateway  
  31  2:50  Probe  
  33  3:02  Probe  
  33  3:05  Robotics Facility  
  33  3:10  Stalker (Chrono Boost)  
  35  3:29  Pylon  
  35  3:38  Sentry (Chrono Boost), Pylon  
  39  3:45  Adept (Chrono Boost)  
  39  3:53  Immortal (Chrono Boost)  
  43  4:03  Pylon  
  43  4:05  Pylon  
  42  4:12  Stalker  
  44  4:17  Probe  
  40  4:26  Adept  
  37  4:40  Stalker, Probe  
  37  4:41  Probe  
  41  4:47  Sentry  
  42  4:52  Probe (Chrono Boost)  
  42  4:55  Probe (Chrono Boost)  
  44  5:04  Probe (Chrono Boost)  
  44  5:06  Stalker  
  47  5:09  Probe (Chrono Boost)  
  48  5:14  Probe (Chrono Boost)  
  48  5:18  Assimilator  
  48  5:21  Sentry, Probe (Chrono Boost)  
  50  5:25  Probe (Chrono Boost)  
  51  5:34  Probe (Chrono Boost)  
  49  5:35  Stalker  
  49  5:37  Probe (Chrono Boost)  
  52  5:45  Phoenix  
  53  5:50  Probe (Chrono Boost)  
  53  5:53  Immortal (Chrono Boost)  
  53  5:56  Probe  
  57  6:01  Probe  
  59  6:07  Stalker  
  59  6:09  Sentry  
  63  6:13  Probe (Chrono Boost)  
  63  6:15  Probe (Chrono Boost)  
  65  6:24  Probe (Chrono Boost)  
  65  6:25  Probe (Chrono Boost), Pylon  
  67  6:35  Probe (Chrono Boost)  
  67  6:36  Probe (Chrono Boost)  
  69  6:40  Twilight Council  
  69  6:45  Probe (Chrono Boost)  
  70  6:47  Probe (Chrono Boost)  
  69  6:55  Stalker  
  69  6:56  Probe (Chrono Boost)  
  69  6:58  Probe (Chrono Boost)  
  73  7:01  Blink (Chrono Boost)  
  73  7:06  Probe (Chrono Boost)  
  73  7:08  Probe (Chrono Boost)  
  75  7:10  Stalker  
  75  7:18  Probe  
  75  7:19  Immortal (Chrono Boost)  
  75  7:21  Probe  
  81  7:28  Assimilator  
  81  7:30  Probe  
  81  7:31  Adept  
  81  7:33  Gateway  
  84  7:38  Probe  
  83  7:52  Stalker x2  
  83  7:56  Probe  
  86  8:00  Robotics Bay  
  86  8:04  Pylon  
  86  8:13  Probe  
  86  8:14  Probe  
  88  8:23  Adept x2, Pylon  
  88  8:25  Probe  
  88  8:26  Nexus  
  93  8:27  Pylon  
  93  8:30  Probe  
  94  8:34  Pylon  
  94  8:38  Probe  
  95  8:46  Gateway, Probe  
  96  8:48  Adept x2  
  96  8:51  Disruptor (Chrono Boost)  
  96  8:54  Probe  
  104  9:03  Adept  
  104  9:05  Probe  
  104  9:09  Pylon  
  107  9:13  Forge  
  107  9:14  Adept x2  
  111  9:22  Disruptor (Chrono Boost)  
  114  9:30  Probe  
  115  9:33  Pylon  
  115  9:36  Adept  
  115  9:37  Adept x2  
  121  9:42  Probe  
  121  9:45  Probe  
  123  9:47  Pylon  
  123  9:50  Protoss Ground Weapons Level 1 (Chrono Boost)  
  123  9:51  Dark Shrine  
  123  9:57  Stalker x2  
  127  10:01  Stalker x2  
  131  10:14  Disruptor  
  131  10:20  Probe  
  135  10:24  Robotics Facility  
  135  10:27  Pylon  
  135  10:37  Stalker x3  
  135  10:38  Stalker  
  135  10:39  Probe x2  
  135  10:41  Assimilator  
  145  10:44  Gateway  
  145  10:46  Gateway, Assimilator  
  143  10:51  Disruptor (Chrono Boost)  
  140  11:07  Stalker  
  140  11:08  Stalker x3  
  122  11:23  Probe  
  122  11:24  Disruptor (Chrono Boost)  
  126  11:30  Nexus  
  126  11:31  Pylon  
  126  11:32  Disruptor (Chrono Boost)  
  129  11:38  Stalker x4  
  134  11:46  Photon Cannon  
  134  11:47  Photon Cannon  
  134  11:48  Photon Cannon  
  132  11:56  Probe, Disruptor (Chrono Boost)  
  132  11:58  Gravitic Drive  
  133  12:03  Stalker x2  
  133  12:05  Observer (Chrono Boost)  
  138  12:08  Probe  
  139  12:21  Photon Cannon  
  139  12:22  Stalker x4  
  145  12:23  Warp Prism (Chrono Boost)  
  145  12:36  Stalker x2  
Show
View Real Time Build Order
Export as new Build Order

Nice Protoss 

Build Orders: Oracle Opening 

Get SALT Encoding   

  12  0:01  Probe (Chrono Boost)  
  13  0:11  Probe (Chrono Boost)  
  14  0:18  Pylon  
  14  0:22  Probe (Chrono Boost)  
  15  0:37  Probe (Chrono Boost), Gateway  
  16  0:47  Probe (Chrono Boost)  
  17  0:50  Assimilator  
  17  0:55  Assimilator  
  17  0:58  Probe (Chrono Boost)  
  18  1:08  Probe (Chrono Boost)  
  18  1:10  Gateway  
  19  1:19  Probe (Chrono Boost), Pylon  
  20  1:28  Cybernetics Core  
  20  1:32  Probe (Chrono Boost)  
  21  1:43  Probe (Chrono Boost)  
  22  1:50  Pylon  
  22  1:53  Probe (Chrono Boost)  
  23  2:04  Stalker x2  
  23  2:06  Warp Gate (Chrono Boost)  
  27  2:30  Stargate  
  27  2:33  Gateway  
  27  2:40  Stalker  
  29  2:46  Pylon  
  29  2:49  Stalker  
  31  3:05  Gateway  
  31  3:17  Oracle (Chrono Boost)  
  34  3:38  Pylon  
  34  3:52  Oracle (Chrono Boost)  
  36  3:59  Stalker, Zealot x2  
  36  4:02  Zealot  
  44  4:12  Pylon  
  37  4:38  Stalker x3  
  37  4:44  Sentry  
  41  4:55  Probe  
  42  5:02  Zealot x2  
  42  5:04  Sentry  
  48  5:22  Mothership Core (Chrono Boost)  
  50  5:31  Nexus  
  50  5:37  Pylon  
  50  5:40  Probe (Chrono Boost)  
  51  5:46  Robotics Facility  
  51  5:51  Probe (Chrono Boost)  
  51  5:55  Zealot x2  
  56  6:02  Probe (Chrono Boost)  
  57  6:15  Probe (Chrono Boost)  
  57  6:17  Pylon  
  58  6:27  Probe (Chrono Boost)  
  59  6:33  Twilight Council  
  59  6:36  Immortal (Chrono Boost)  
  63  6:41  Probe (Chrono Boost)  
  63  6:44  Probe (Chrono Boost)  
  65  6:57  Forge  
  65  7:01  Probe  
  66  7:05  Oracle  
  69  7:09  Probe  
  69  7:13  Probe  
  71  7:20  Assimilator  
  71  7:21  Assimilator  
  71  7:22  Pylon  
  71  7:24  Blink (Chrono Boost)  
  71  7:32  Observer  
  71  7:37  Probe  
  72  7:38  Probe  
  68  7:55  Sentry, Stalker, Zealot x2  
  74  7:59  Gateway  
  74  8:04  Gateway  
  74  8:05  Pylon, Protoss Ground Weapons Level 1 (Chrono Boost)  
  74  8:10  Immortal  
  75  8:28  Sentry, Zealot x2  
  75  8:29  Stalker  
  83  8:35  Pylon  
  83  8:51  Immortal  
  83  8:58  Nexus  
  83  9:02  Pylon  
  87  9:06  Sentry  
  89  9:10  Stalker  
  89  9:16  Stalker  
  93  9:24  Pylon  
  93  9:28  Immortal  
  93  9:32  Probe x2  
  99  9:48  Gateway  
  99  9:50  Gateway  
  99  9:55  Stalker x2  
  100  10:14  Stalker x3, Immortal  
  88  10:27  Stalker x2  
  92  10:38  Stalker x2  
  86  10:56  Stalker x2  
  88  11:00  Stalker x3  
  76  11:11  Stalker  
  76  11:12  Stalker  
  62  11:20  Stalker  
  62  11:21  Sentry  
  62  11:24  Sentry x2  
  70  11:30  Stalker  
  72  11:38  Stalker x2  
  72  11:45  Photon Cannon  
  72  11:48  Immortal  
  76  12:06  Stalker  
  76  12:07  Robotics Bay  
  78  12:11  Stalker  
  84  12:36  Stalker x3  

Tags
 
Add a new tag
Caveats
  • Supply blocks, unpowered buildings, or Contaminate may cause inaccurate times.
  • Supply counts are checked every 10 seconds.